 Dungeon Crawl Stone Soup version 0.17-b1-20-g63edfd6 (webtiles) character file.

39025 M4edhros the Unseen (level 14, -2/79 HPs)
             Began as an Octopode Artificer on Nov 4, 2015.
             Was the Champion of Okawaru.
             Slain by a six-headed hydra (11 damage)
             ... on level 8 of the Lair of Beasts.
             The game lasted 01:04:05 (20126 turns).

M4edhros the Unseen (Octopode Artificer)           Turns: 20126, Time: 01:04:05

Health: -2/79      AC:  6    Str:  7 (8)  XL:     14   Next: 4%
Magic:  13/21      EV: 30    Int: 22      God:    Okawaru [******]
Gold:   1304       SH: 16    Dex: 20      Spells: 2 memorised, 14 levels left

rFire  + + +     SeeInvis .     b - +8 double sword of the Median {venom, rF++ Int+4 Dex-3}
rCold  . . .     Clarity  .     o - +0 shield "Solema" {rPois Dex+3 Slay+3}
rNeg   . . .     SustAt   .     i - +2 hat
rPois  +         Gourm    .     t - amulet of faith
rElec  .         Spirit   .     (no ring)
rCorr  .         Warding  .     y - ring of protection from fire
rMut   .         Stasis   .     F - +2 ring of evasion
MR     +....                    K - ring of poison resistance
Stlth  ++++++++++               M - +3 ring of evasion
                                (no ring)
                                (no ring)
                                (no ring)

@: heroism, very slightly contaminated, somewhat resistant to hostile
enchantments, uncannily stealthy
A: almost no armour, amphibious, 8 rings, constrict 8, antennae 1, large bone
plates 1, camouflage 1, agile 2, clever 1, deterioration 1, shaggy fur 1, spit
poison 1, weak 1, gelatinous body 1, no device heal 1
a: Spit Poison, Heroism, Finesse, Renounce Religion


You were on level 8 of the Lair of Beasts.
You worshipped Okawaru.
Okawaru was exalted by your worship.
You were not hungry.

You visited 3 branches of the dungeon, and saw 22 of its levels.
You also visited: Ice Cave.

You collected 1869 gold pieces.
You spent 565 gold pieces at shops.

Inventory:

Hand Weapons
 b - the +8 double sword of the Median (weapon) {venom, rF++ Int+4 Dex-3}
   (Okawaru gifted it to you on level 10 of the Dungeon)

   It poisons the flesh of those it strikes.
   It affects your intelligence (+4).
   It affects your dexterity (-3).
   It greatly protects you from fire.
 p - the +9 flail of Dust {antimagic, rPois Dex+4}
   (You found it on level 8 of the Dungeon)

   It disrupts the flow of magical energy around spellcasters and certain
   magical creatures (including the wielder).
   It affects your dexterity (+4).
   It protects you from poison.
 C - a +0 hunting sling
 L - the +4 long sword "Pumuhout" {speed, rC+ Dex+6}
   (You found it on level 6 of the Dungeon)

   Attacks with this weapon are significantly faster.
   It affects your dexterity (+6).
   It protects you from cold.
Missiles
 d - 9 steel sling bullets
 r - 35 sling bullets
 D - 10 sling bullets of frost
 J - 2 throwing nets (quivered)
 U - 6 exploding tomahawks
Armour
 i - a +2 hat (worn)
 o - the +0 shield "Solema" (worn) {rPois Dex+3 Slay+3}
   (You acquired it on level 4 of the Lair of Beasts)

   It affects your dexterity (+3).
   It affects your accuracy and damage with ranged weapons and melee attacks
   (+3).
   It protects you from poison.
 W - the +0 buckler of Experimentation {*Corrode MR+ Int+5}
   (Okawaru gifted it to you on level 3 of the Orcish Mines)

   It affects your intelligence (+5).
   It affects your resistance to hostile enchantments.
   It may corrode your equipment when you take damage.
Jewellery
 g - an uncursed amulet of resist mutation {unknown}
 t - an amulet of faith (around mantle)
 y - a ring of protection from fire (right tentacle)
 B - an uncursed ring of teleportation
 F - a +2 ring of evasion (on tentacle)
 K - a ring of poison resistance (on tentacle)
 M - a +3 ring of evasion (on tentacle)
Wands
 c - a wand of enslavement (13)
 l - a wand of slowing (17)
 s - a wand of teleportation (4)
 I - a wand of fire (0)
 P - a wand of teleportation (2)
 T - a wand of cold (9)
Scrolls
 j - 8 scrolls of recharging
 k - a scroll of magic mapping
 z - a scroll of blinking
 H - 2 scrolls of teleportation
 S - a scroll of identify
Potions
 a - 2 potions of poison {unknown}
 f - 2 potions of invisibility
 m - 3 potions of curing
 q - a potion of berserk rage {unknown}
 w - a potion of degeneration {unknown}
 A - a potion of haste
 Q - 4 potions of flight
 X - a potion of resistance {unknown}
 Z - a potion of magic {unknown}
Books
 u - a book of Minor Magic

   Spells                             Type                      Level
   a - Magic Dart                     Conjuration                  1
   b - Blink                          Translocation                2
   c - Call Imp                       Summoning                    2
   d - Repel Missiles                 Charms/Air                   2
   e - Slow                           Hexes                        2
   f - Conjure Flame                  Conjuration/Fire             3
   g - Mephitic Cloud                 Conjuration/Poison/Air       3
 v - a book of the Warp

   Spells                             Type                      Level
   a - Recall                         Summoning/Translocation      3
   b - Gell's Gravitas                Hexes/Translocation          3
   c - Force Lance                    Conjuration/Translocation    4
   d - Phase Shift                    Translocation                5
   e - Warp Weapon                    Charms/Translocation         5
   f - Summon Forest                  Summoning/Translocation      5
 N - a book of Hinderance

   Spells                             Type                      Level
   a - Confusing Touch                Hexes                        2
   b - Confuse                        Hexes                        3
   c - Gell's Gravitas                Hexes/Translocation          3
   d - Petrify                        Transmutation/Earth          4
   e - Metabolic Englaciation         Hexes/Ice                    5
 V - a book of Minor Magic

   Spells                             Type                      Level
   a - Magic Dart                     Conjuration                  1
   b - Blink                          Translocation                2
   c - Call Imp                       Summoning                    2
   d - Repel Missiles                 Charms/Air                   2
   e - Slow                           Hexes                        2
   f - Conjure Flame                  Conjuration/Fire             3
   g - Mephitic Cloud                 Conjuration/Poison/Air       3
Miscellaneous
 R - a phantom mirror
Comestibles
 e - 15 bread rations
 h - 45 fruits
 n - 3 slices of pizza
 x - 11 meat rations
 E - 6 beef jerkies
 G - a royal jelly
 O - 5 chunks of flesh


   Skills:
 - Level 1.0(6.0) Fighting
   Level 1.0(10.8) Short Blades
 - Level 9.1(14.2) Long Blades
   Level 1.2(6.2) Polearms
 + Level 9.5(14.5) Dodging
 + Level 16.5(21.5) Stealth
 * Level 11.2(16.2) Shields
 * Level 3.4 Spellcasting
 * Level 3.9 Conjurations
 * Level 3.6 Air Magic
 * Level 4.2 Poison Magic
 - Level 9.5 Evocations


You had 14 spell levels left.
You knew the following spells:

 Your Spells              Type           Power        Failure   Level  Hunger
a - Mephitic Cloud        Conj/Pois/Air  ###.....     10%         3    ###....
b - Repel Missiles        Chrm/Air       ##....       10%         2    ##.....


Dungeon Overview and Level Annotations

Branches:
Dungeon (10/15)            Temple (0/1) D:5            Lair (8/8) D:10
  Slime (0/6) Lair:8          Orc (4/4) D:9             Elf (0/3) Orc:4
  Swamp: Lair:3-6    Shoals: Lair:3-6     Snake: Lair:3-6    Spider: Lair:3-6

Altars:
Ashenzari
Dithmenos
Elyvilon
Gozag
Kikubaaqudgha
Nemelex Xobeh
Okawaru
Ru
Trog
Xom
Zin
The Shining One
Jiyva

Shops:
D:7 [}=%   Orc:1 [   Orc:2 *   Orc:4 ?!**:

Annotations:
D:8 Erica
Orc:4 DEFE's ghost, journeyman OpFi


Innate Abilities, Weirdness & Mutations

You cannot wear most types of armour.
You are amphibious.
You can wear up to eight rings at the same time.
You can use your tentacles to constrict eight enemies at once.
Your skin changes colour to match your surroundings (Stealth).
Your rubbery body absorbs attacks (AC +1).
You have a pair of small antennae on your head.
You are partially covered in large bone plates (AC +2, SH +2).
You are very agile. (Dex +4)
Your mind is acute. (Int +2)
Your body sometimes deteriorates upon taking damage.
You are covered in fur (AC +1).
You can spit weak poison.
You are weak. (Str -2)
Potions and wands are less effective at restoring your health.


Message History

You block the six-headed hydra's attack.
The six-headed hydra completely misses you. x2
The six-headed hydra closely misses you.
Unknown command.
Evoke which item? (* to show all) (? for menu, Esc to quit)
Zapping:
c - a wand of enslavement (14)
Press: ? - help, Shift-Dir - straight line, f - six-headed hydra
Aim: a six-headed hydra (chance to defeat MR: 31%)
The six-headed hydra easily resists.
This wand has 13 charges left.
You block the elephant's attack. The elephant completely misses you.
You block the hippogriff's attack. The hippogriff pecks you.
The hippogriff completely misses you. The elephant tramples you.
* * * LOW HITPOINT WARNING * * *
You hold your ground!
The elephant barely misses you.
The six-headed hydra completely misses you. x2
The six-headed hydra bites you!
* * * LOW HITPOINT WARNING * * *
Your body deteriorates!
You feel weakened. The six-headed hydra bites you!
You die...

.....................
PP............<<......
.P.P........%..........
PP.PPP.................
PPPPP....#PP.#.###.....
P#PPP....#.P...#P......
.PP..P................%
PP.......D.H...........
PP.......P@Y......#....
P.......PPPY........
.#.......PP.........
........_....P..##..
........>......P# P.
!................%
..................
..................
...............


You could see a six-headed hydra, 2 elephants and a hippogriff.

Vanquished Creatures
  A frost giant (IceCv)
  A hydra (Lair:6)
  2 death yaks (IceCv)
  2 orc high priests
  Nergalle (Orc:1)
  A lindwurm (Lair:8)
  A griffon (Lair:7)
  2 orc knights (Orc:2)
  An orc sorcerer (Orc:4)
  A shining eye (Lair:8)
  A black mamba (Lair:8)
  Maurice (D:8)
  8 elephants
  3 komodo dragons
  5 spiny frogs
  A fire drake (Lair:6)
  A troll (Orc:4)
  A spriggan druid (Lair:6)
  17 polar bears
  A two-headed ogre (D:8)
  10 blink frogs
  5 wraiths (D:10)
  19 yaks
  A basilisk (Lair:4)
  A deep elf fighter (D:10)
  Eustachio (D:5)
  Grum (D:8)
  3 deep elf magi
  7 hippogriffs
  2 hungry ghosts (D:7)
  2 wargs
  8 water moccasins
  13 wolves
  10 porcupines
  3 black bears
  2 swamp drakes
  The ghost of chonchonts the Skirmisher, an amateur MiFi (D:3)
  2 phantoms
  2 ice beasts (D:10)
  10 ogres
  2 killer bees (D:7)
  18 orc warriors
  A necrophage (D:8)
  8 crocodiles
  6 big kobolds
  3 centaurs
  A gnoll shaman (D:4)
  10 giant frogs
  4 scorpions
  6 wights
  An electric eel (Lair:7)
  2 vampire bats (Orc:1)
  4 hounds
  7 crimson imps
  A giant frog zombie (D:10)
  An iron imp (Orc:3)
  36 orc wizards
  28 orc priests
  8 iguanas
  3 giant frog skeletons
  14 worker ants
  14 sheep
  2 hound skeletons (D:8)
  A worker ant zombie (D:10)
  45 river rats
  9 adders
  2 gnolls (D:4)
  4 shadow imps
  13 white imps
  3 oozes
  3 adder skeletons
  4 worms
  5 giant geckos
  128 orcs
  9 hobgoblins
  19 jackals
  7 kobolds
  2 quokkas
  5 ball pythons
  24 bats
  2 giant cockroaches
  A giant gecko skeleton (D:5)
  2 giant newts (D:1)
  11 goblins
  A quokka skeleton (D:8)
  8 rats
643 creatures vanquished.

Vanquished Creatures (collateral kills)
  2 killer bees (D:7)
  4 gnolls (D:4)
6 creatures vanquished.

Vanquished Creatures (others)
  Josephine (D:10)
  An orc high priest (Orc:4)
  6 wolves (IceCv)
  A killer bee (D:7)
  An orc (D:8)
  3 fungi (D:10)
13 creatures vanquished.

Grand Total: 662 creatures vanquished

Notes
Turn   | Place    | Note
--------------------------------------------------------------
     0 | D:1      | M4edhros the Octopode Artificer began the quest for the Orb.
     0 | D:1      | Reached XP level 1. HP: 13/13 MP: 3/3
   232 | D:2      | Reached XP level 2. HP: 12/18 MP: 4/4
   381 | D:2      | Reached XP level 3. HP: 17/23 MP: 5/5
   415 | D:2      | Reached skill level 4 in Stealth
   807 | D:3      | Reached skill level 5 in Stealth
   807 | D:3      | Reached XP level 4. HP: 23/28 MP: 6/6
   949 | D:3      | Noticed chonchonts's ghost (amateur MiFi)
  1016 | D:3      | Killed chonchonts's ghost
  1016 | D:3      | Reached skill level 6 in Stealth
  1016 | D:3      | Reached XP level 5. HP: 5/33 MP: 6/8
  1444 | D:4      | Reached skill level 7 in Stealth
  1444 | D:4      | Reached XP level 6. HP: 29/38 MP: 9/9
  1499 | D:4      | Reached skill level 5 in Evocations
  1540 | D:4      | Noticed a phantom
  1548 | D:4      | Gained mutation: Your spells are a little easier to cast, but a little less powerful. [potion of mutation]
  1548 | D:4      | Gained mutation: You can translocate small distances at will. [potion of mutation]
  1548 | D:4      | Lost mutation: You can translocate small distances at will. [potion of mutation]
  1556 | D:4      | Killed a phantom
  1556 | D:4      | Reached skill level 8 in Stealth
  1864 | D:5      | Entered Level 5 of the Dungeon
  1864 | D:5      | Found a glowing golden altar of the Shining One.
  1864 | D:5      | Found a glowing silver altar of Zin.
  1864 | D:5      | Found a white marble altar of Elyvilon.
  1876 | D:5      | Noticed Eustachio
  1930 | D:5      | Killed Eustachio
  1930 | D:5      | Reached skill level 9 in Stealth
  1930 | D:5      | Reached XP level 7. HP: 32/43 MP: 9/11
  1936 | D:5      | HP: 2/43 [sky beast (6)]
  2524 | D:5      | Found an opulent altar of Gozag.
  2532 | D:5      | Reached skill level 10 in Stealth
  2612 | D:5      | Found a shimmering altar of Xom.
  2612 | D:5      | Found a sacrificial altar of Ru.
  2614 | D:5      | Found an iron altar of Okawaru.
  2614 | D:5      | Found an ancient bone altar of Kikubaaqudgha.
  2616 | D:5      | Found a shadowy altar of Dithmenos.
  2616 | D:5      | Found a bloodstained altar of Trog.
  2625 | D:5      | Became a worshipper of Warmaster Okawaru
  2699 | D:5      | Reached XP level 8. HP: 48/48 MP: 12/12
  3851 | D:3      | Found a shattered altar of Ashenzari.
  3851 | D:3      | Found a sparkling altar of Nemelex Xobeh.
  4393 | D:4      | Reached skill level 1 in Polearms
  4658 | D:5      | Found a staircase to the Ecumenical Temple.
  5038 | D:6      | Reached skill level 1 in Shields
  5094 | D:6      | Gained mutation: You are agile. (Dex +2) [potion of mutation]
  5094 | D:6      | Gained mutation: You are partially covered in large bone plates (AC +2, SH +2). [potion of mutation]
  5094 | D:6      | Gained mutation: You expend magic power (3 MP) to strengthen your wands. [potion of mutation]
  5134 | D:6      | Reached skill level 11 in Stealth
  5181 | D:6      | Reached * piety under Okawaru
  5483 | D:6      | Reached XP level 9. HP: 20/53 MP: 10/14
  5521 | D:6      | Reached skill level 12 in Stealth
  5613 | D:6      | Got an encrusted long sword
  5614 | D:6      | Identified the +4 long sword "Pumuhout" {speed, rC+ Dex+6} (You found it on level 6 of the Dungeon)
  5767 | D:6      | Reached ** piety under Okawaru
  5808 | D:7      | Reached skill level 1 in Long Blades
  6014 | D:7      | Found Lyqacane's Gadget Shoppe.
  6112 | D:7      | Gained mutation: You evolve. [potion of beneficial mutation]
  6255 | D:7      | Found Xesao's Food Shoppe.
  6289 | D:7      | Found Gionk's Jewellery Shop.
  6292 | D:7      | Bought a +3 ring of evasion for 231 gold pieces
  6539 | D:7      | Found Kuiwk's Armour Shoppe.
  6687 | D:7      | Reached *** piety under Okawaru
  6791 | D:8      | Noticed Grum
  6796 | D:8      | Reached XP level 10. HP: 40/58 MP: 16/16
  6805 | D:8      | Killed Grum
  6805 | D:8      | Reached skill level 5 in Dodging
  6884 | D:8      | Lost mutation: You expend magic power (3 MP) to strengthen your wands. [evolution]
  6884 | D:8      | Lost mutation: You evolve. [end of evolution]
  6891 | D:8      | Noticed Maurice
  7031 | D:8      | Killed Maurice
  7057 | D:8      | Noticed Erica
  7063 | D:8      | Noticed Erica
  7076 | D:8      | Got a jewelled flail
  7321 | D:8      | Reached **** piety under Okawaru
  7321 | D:8      | Reached skill level 5 in Long Blades
  7394 | D:8      | Gained mutation: You are covered in fur (AC +1). [potion of beneficial mutation]
  7430 | D:8      | Identified the +9 flail of Dust {antimagic, rPois Dex+4} (You found it on level 8 of the Dungeon)
  7679 | D:9      | Reached skill level 13 in Stealth
  8068 | D:9      | Found a staircase to the Orcish Mines.
  8336 | Orc:1    | Entered Level 1 of the Orcish Mines
  8499 | Orc:1    | Reached ***** piety under Okawaru
  8500 | Orc:1    | Received a gift from Okawaru
  8597 | Orc:1    | Noticed Nergalle
  8610 | Orc:1    | Killed Nergalle
  8610 | Orc:1    | Reached skill level 5 in Shields
  8684 | Orc:1    | Found Coti's Armour Emporium.
  8939 | Orc:2    | Reached XP level 11. HP: 63/63 MP: 17/17
  9050 | Orc:2    | Found Xeneuhou's Assorted Antiques.
  9059 | Orc:2    | Bought a potion of mutation for 82 gold pieces
  9059 | Orc:2    | Lost mutation: Your spells are a little easier to cast, but a little less powerful. [potion of mutation]
  9059 | Orc:2    | Gained mutation: You evolve. [potion of mutation]
  9117 | Orc:2    | Noticed an orc knight
  9793 | Orc:2    | Noticed an orc knight
 10032 | Orc:2    | Killed an orc knight
 10043 | Orc:2    | Killed an orc knight
 10131 | Orc:2    | Lost mutation: You evolve. [end of evolution]
 11006 | Orc:3    | Received a gift from Okawaru
 11007 | Orc:3    | Got a slimy buckler {god gift}
 11028 | Orc:3    | Identified the +0 buckler of Experimentation {*Corrode MR+ Int+5} (Okawaru gifted it to you on level 3 of the Orcish Mines)
 11057 | Orc:3    | Reached skill level 14 in Stealth
 11103 | Orc:4    | Entered Level 4 of the Orcish Mines
 11446 | Orc:4    | Found a staircase to the Elven Halls.
 11497 | Orc:4    | Found Jatsadimp's Book Emporium.
 11636 | Orc:4    | Noticed an orc high priest
 11660 | Orc:4    | Noticed an orc high priest
 11667 | Orc:4    | Killed an orc high priest
 11883 | Orc:4    | Noticed an orc high priest
 12088 | Orc:4    | Noticed an orc high priest
 12104 | Orc:4    | an orc high priest (ally) was killed
 12113 | Orc:3    | Killed an orc high priest
 12398 | Orc:4    | Reached ****** piety under Okawaru
 12536 | Orc:4    | Found Vuqugrei's Magic Scroll Boutique.
 12536 | Orc:4    | Found Asyaxt's Assorted Antiques.
 12537 | Orc:4    | Found Gyomol's Assorted Antiques.
 12540 | Orc:4    | Found Vodol's Distillery.
 12544 | Orc:4    | Bought a potion of mutation for 27 gold pieces
 12544 | Orc:4    | Gained mutation: You are weak. (Str -2) [potion of mutation]
 12544 | Orc:4    | Gained mutation: You are very agile. (Dex +4) [potion of mutation]
 12547 | Orc:4    | Bought a pearl ring for 170 gold pieces
 12555 | Orc:4    | Bought a potion of heal wounds for 55 gold pieces
 12625 | Orc:4    | Noticed DEFE's ghost (journeyman OpFi)
 13285 | D:8      | Reached XP level 12. HP: 68/68 MP: 19/19
 13842 | D:10     | Entered Level 10 of the Dungeon
 13881 | D:10     | Noticed Josephine
 14085 | D:10     | Gained mutation: You have a pair of small antennae on your head. [potion of mutation]
 14085 | D:10     | Gained mutation: Potions and wands are less effective at restoring your health. [potion of mutation]
 14085 | D:10     | Gained mutation: You can spit weak poison. [potion of mutation]
 14371 | D:10     | Reached skill level 15 in Stealth
 14520 | D:10     | Josephine (ally) was killed
 14520 | D:10     | Your ally died
 14548 | D:10     | Received a gift from Okawaru
 14571 | D:10     | Got a crystal double sword {god gift}
 14572 | D:10     | Identified the +8 double sword of the Median {venom, rF++ Int+4 Dex-3} (Okawaru gifted it to you on level 10 of the Dungeon)
 14725 | D:10     | Found a staircase to the Lair.
 14734 | Lair:1   | Entered Level 1 of the Lair of Beasts
 15526 | Lair:2   | Gained mutation: Your mind is acute. (Int +2) [potion of mutation]
 15526 | Lair:2   | Gained mutation: Your body sometimes deteriorates upon taking damage. [potion of mutation]
 15606 | Lair:2   | Received a gift from Okawaru
 15942 | Lair:2   | HP: 2/68 [elephant (19)]
 16774 | Lair:4   | Found a frozen archway.
 16929 | Lair:4   | Identified a scroll of acquirement
 16931 | Lair:4   | Got a steaming shield
 16942 | Lair:4   | Identified the +0 shield "Solema" {rPois Dex+3 Slay+3} (You acquired it on level 4 of the Lair of Beasts)
 16950 | IceCv    | Entered an ice cave
 17202 | IceCv    | Reached skill level 10 in Shields
 17248 | IceCv    | Noticed a death yak
 17250 | IceCv    | Noticed a death yak
 17282 | IceCv    | Killed a death yak
 17282 | IceCv    | Received a gift from Okawaru
 17282 | IceCv    | Reached skill level 16 in Stealth
 17282 | IceCv    | Reached XP level 13. HP: 28/72 MP: 20/20
 17289 | IceCv    | Killed a death yak
 17878 | IceCv    | Noticed a frost giant
 17884 | IceCv    | Learned a level 3 spell: Mephitic Cloud
 17914 | IceCv    | Reached skill level 1 in Poison Magic
 17922 | IceCv    | Killed a frost giant
 17922 | IceCv    | Reached skill level 1 in Spellcasting
 17922 | IceCv    | Reached skill level 1 in Conjurations
 17922 | IceCv    | Reached skill level 1 in Air Magic
 18620 | Lair:6   | Received a gift from Okawaru
 19151 | Lair:6   | Learned a level 2 spell: Repel Missiles
 20061 | Lair:8   | Entered Level 8 of the Lair of Beasts
 20064 | Lair:8   | Found a viscous altar of Jiyva.
 20065 | Lair:8   | Found a staircase to the Slime Pits.
 20111 | Lair:8   | Reached XP level 14. HP: 69/79 MP: 11/21
 20126 | Lair:8   | Slain by a six-headed hydra

Action                   |  1- 3 |  4- 6 |  7- 9 | 10-12 | 13-15 || total
-------------------------+-------+-------+-------+-------+-------++-------
Melee: Short sword       |    58 |    36 |    96 |       |       ||   190
       Halberd           |       |    25 |    40 |       |       ||    65
       Flail             |       |       |    77 |       |       ||    77
       Spear             |       |       |     5 |       |       ||     5
       Long sword        |       |       |    91 |   904 |       ||   995
       Double sword      |       |       |       |   239 |   272 ||   511
 Cast: Mephitic Cloud    |       |       |       |       |     2 ||     2
Invok: Heroism           |       |       |       |     4 |     4 ||     8
Evoke: Wand              |       |    15 |    20 |    20 |    12 ||    67
  Use: Potion            |       |     2 |     7 |    12 |     1 ||    22
       Scroll            |       |       |     9 |    13 |     1 ||    23
 Stab: Sleeping          |     5 |     4 |    27 |    93 |    10 ||   139
       Confused          |       |     1 |       |       |       ||     1
       Distracted        |       |       |     5 |    12 |     1 ||    18
       Invisible         |       |       |     1 |       |     4 ||     5
  Eat: Chunk             |       |     3 |     8 |    24 |    11 ||    46
       Bread ration      |       |       |     1 |       |       ||     1
       Meat ration       |       |       |     1 |     2 |       ||     3
